 Dungeon Crawl Stone Soup version 0.30-a0-1160-g6e42c06551 (webtiles) character file.

Game seed: 1991307946725621797

1500 Anamonty the Tainter (level 8, -2/46 HPs)
             Began as an Octopode Venom Mage on Apr 26, 2023.
             Slain by a wyvern zombie (14 damage)
             ... in an ossuary.
             The game lasted 00:07:07 (4620 turns).

Anamonty the Tainter (Octopode Venom Mage)          Turns: 4620, Time: 00:07:07

Health: -2/46      AC:  1    Str:  9    XL:     8   Next: 81%
Magic:  15/15      EV: 16    Int: 18    God:
Gold:   258        SH:  0    Dex: 18    Spells: 9/17 levels left

rFire   . . .        c - +0 short sword (drain)
rCold   . . .        (no shield)
rNeg    . . .        (helmet restricted)
rPois   .            b - amulet of the acrobat
rElec   .            k - +6 ring of dexterity
rCorr   .            l - ring of wizardry
SInv    .            (no ring)
Will    .....        (no ring)
Stlth   +++          (no ring)
HPRegen 0.27/turn    (no ring)
MPRegen 0.14/turn    (no ring)
                     (no ring)

%: acrobat, wizardry (x1)
@: no status effects
A: almost no armour, amphibious, 8 rings, camouflage 1, gelatinous body 1,
(nimble swimmer 1), tentacles
a: no special abilities


You were in an ossuary.
You visited 1 branch of the dungeon, and saw 6 of its levels.
You also visited: Ossuary.

You collected 258 gold pieces.

Inventory:

Hand Weapons
 c - a +0 short sword of draining (weapon)
 v - a +1 whip of freezing
Armour
 w - a +0 robe
Jewellery
 b - an amulet of the acrobat (around mantle)
 k - a +6 ring of dexterity (left tentacle)
 l - a ring of wizardry (right tentacle)
 n - a ring of poison resistance
 q - a ring of fire
Wands
 m - a wand of polymorph (2)
 u - a wand of flame (1) (quivered)
Scrolls
 d - 2 scrolls of fog {unknown}
 e - a scroll of brand weapon {unknown}
 g - 4 scrolls of identify
 h - 3 scrolls of teleportation {unknown}
 j - a scroll of magic mapping {unknown}
 o - 3 scrolls of fear
 p - 5 scrolls of vulnerability
 s - a scroll of enchant armour {unknown}
 t - a scroll of blinking {unknown}
 y - a scroll of silence {unknown}
 A - a scroll of immolation {unknown}
Potions
 a - a potion of magic
 f - a potion of heal wounds
 i - 4 potions of curing
 r - 2 potions of flight
 x - 2 potions of lignification {unknown}
 z - a potion of ambrosia {unknown}
 B - a potion of invisibility {unknown}


   Skills:
 + Level 5.6 Dodging
 - Level 2.6 Stealth
 + Level 5.2 Spellcasting
 - Level 1.0 Transmutations
 * Level 9.8 Poison Magic


You had 9 spell levels left.
You knew the following spells:

 Your Spells              Type           Power      Damage    Failure   Level
a - Sting                 Tmut/Pois      96%        1d7       1%          1
b - Olgreb's Toxic Radia  Pois           39%        N/A       1%          4
c - Mephitic Cloud        Conj/Pois/Air  16%        N/A       4%          3

Your spell library contained the following spells:

 Spells                   Type           Power      Damage    Failure   Level
 Poisonous Vapours        Pois/Air       44%        N/A       1%          2
 Foxfire                  Conj/Fire      16%        2x1d4     5%          1
 Fireball                 Conj/Fire      2%         3d4       78%         5
 Plasma Beam              Fire/Air       2%         2x1d13    100%        6
 Starburst                Conj/Fire      2%         6d3       100%        6


Dungeon Overview and Level Annotations

Branches:
Dungeon (6/15)             Temple (0/1) D:4         Ossuary (1/1)

Altars:
Hepliaklqana
Sif Muna

Shops:
D:4 [


Innate Abilities, Weirdness & Mutations

You cannot wear most types of armour.
You are amphibious.
You can wear up to eight rings at the same time.
Your skin changes colour to match your surroundings (Stealth+).
Your rubbery body absorbs attacks. (AC +1, EV +1)
((You are camouflaged when in or above water. (Stealth+)))
You have tentacles for arms and can constrict up to eight enemies at once.


Message History

You hit the mummy.
The mummy is almost destroyed.
You constrict the mummy.
You destroy the mummy!
A wyvern zombie comes into view.
The centaur zombie closely misses you. The centaur zombie barely misses you.
You hit the centaur zombie but do no damage.
You squeeze the centaur zombie!
The centaur zombie is heavily damaged.
The centaur zombie closely misses you. The centaur zombie kicks you.
* * * LOW HITPOINT WARNING * * *
You hit the centaur zombie but do no damage.
You squeeze the centaur zombie.
The centaur zombie is severely damaged.
The centaur zombie hits you.
* * * LOW HITPOINT WARNING * * *
The centaur zombie barely misses you.
You hit the centaur zombie. You squeeze the centaur zombie.
You destroy the centaur zombie!
A bullfrog zombie comes into view.
The wyvern zombie barely misses you.
You hit the wyvern zombie but do no damage.
The wyvern zombie closely misses you.
Aiming: Throw Flame
Press: ? - help, Q - select action, (/) - cycle Shift-Dir - straight line, f - wyvern zombie
Aim: a wyvern zombie (89% to hit)
Okay, then.
Aiming: Throw Flame
Press: ? - help, Q - select action, (/) - cycle Shift-Dir - straight line, f - wyvern zombie
Aim: a wyvern zombie (89% to hit)
The puff of flame hits the wyvern zombie.
The wyvern zombie is lightly damaged.
The wyvern zombie misses you.
You barely miss the wyvern zombie.
The wyvern zombie is lightly damaged.
The wyvern zombie barely misses you. The wyvern zombie misses you.
You hit the wyvern zombie. You squeeze the wyvern zombie.
The wyvern zombie is moderately damaged.
The wyvern zombie bites you!
You die...

Z..M....+
#####.#
#∩..#.+
###.∩.#.#
#.#...#.+
.##Z##'##'##.#
.M.Z....ZZ...+
+#'#'#'#Z#'#+#
#.#@#.#
#######


You could see a bullfrog zombie, a wyvern zombie and a howler monkey zombie.

Vanquished Creatures
  Pikel (D:4)
  A black bear (D:5)
  A phantom (D:5)
  A bullfrog (D:5)
  3 lemures (D:4)
  2 bullfrog zombies (Ossuary)
  A centaur zombie (Ossuary)
  An orc priest (D:3)
  4 hounds
  2 iguanas
  A sleepcap (D:4)
  An orc wizard (D:4)
  4 killer bee zombies (Ossuary)
  6 mummies (Ossuary)
  3 howler monkey zombies (Ossuary)
  6 gnolls
  9 adders
  3 worms
  2 dart slugs
  13 orcs
  5 endoplasms
  2 giant cockroaches (D:1)
  8 hobgoblins
  2 jackals (D:2)
  3 quokkas
  7 ball pythons
  5 bats
  5 frilled lizards
  8 goblins
  4 kobolds
  8 rats
122 creatures vanquished.

Vanquished Creatures (others)
  6 fungi (D:4)
  2 withered plants (Ossuary)
8 creatures vanquished.

Grand Total: 130 creatures vanquished

Notes
Turn   | Place    | Note
-------+----------+-------------------------------------------
     0 | D:1      | Anamonty the Octopode Venom Mage began the quest for the
                  | Orb.
     0 | D:1      | Reached XP level 1. HP: 11/11 MP: 3/3
   149 | D:1      | Reached skill level 4 in Poison Magic
   149 | D:1      | Reached XP level 2. HP: 12/17 MP: 1/5
   548 | D:1      | Reached XP level 3. HP: 20/21 MP: 6/6
  1173 | D:2      | Reached XP level 4. HP: 27/27 MP: 7/7
  1178 | D:2      | Learned a level 4 spell: Olgreb's Toxic Radiance
  1306 | D:2      | Reached skill level 5 in Poison Magic
  1483 | D:3      | Reached XP level 5. HP: 31/31 MP: 2/9
  1699 | D:3      | Found a hazy altar of Hepliaklqana.
  1700 | D:3      | Found a shimmering blue altar of Sif Muna.
  2423 | D:4      | Found Oghatt's Antique Armour Emporium.
  2513 | D:4      | Noticed Pikel
  2513 | D:4      | Noticed a lemure
  2513 | D:4      | Noticed a lemure
  2513 | D:4      | Noticed a lemure
  2513 | D:4      | Noticed a lemure
  2519 | D:4      | Killed a lemure
  2522 | D:4      | Killed a lemure
  2529 | D:4      | Killed a lemure
  2532 | D:4      | Killed Pikel
  2533 | D:4      | Reached skill level 7 in Poison Magic
  2533 | D:4      | Reached XP level 6. HP: 5/36 MP: 1/12
  2533 | D:4      | Reached XP level 7. HP: 6/41 MP: 1/13
  2811 | D:4      | Found a staircase to the Ecumenical Temple.
  2878 | D:4      | Reached skill level 8 in Poison Magic
  3350 | D:5      | Entered Level 5 of the Dungeon
  3357 | D:5      | Reached XP level 8. HP: 43/46 MP: 9/14
  3474 | D:5      | Reached skill level 5 in Dodging
  3623 | D:5      | Reached skill level 9 in Poison Magic
  4121 | D:5      | Learned a level 3 spell: Mephitic Cloud
  4212 | D:6      | Found a sand-covered staircase.
  4219 | Ossuary  | Entered an ossuary
  4422 | Ossuary  | Reached skill level 5 in Spellcasting
  4620 | Ossuary  | Slain by a wyvern zombie

Illustrated notes

Levels and vault maps discovered:
D:1:      spicycebolla_arrival_clurvy, layout_basic
D:2:      layout_basic
D:3:      layout_basic, gammafunk_temple_overflow_pools
D:4:      layout_basic, minmay_temple_entry_junction, serial_shops,
          nicolae_shop_trees, dreamdust_gnoll_farm, uniq_pikel
D:5:      layout_cave_pools, minivault_24
D:6:      layout_layer_cave, serial_demonic, serial_demonic_g, serial_demonic_a,
          serial_demonic_b, serial_demonic_g, serial_demonic_d,
          serial_demonic_c, chequers_ossuary_entry_cave, grunt_ministairs_8
Ossuary:  ossuary_zaba_flooded

Skill      XL: |  1  2  3  4  5  6  7  8 |
---------------+-------------------------+-----
Poison Magic   | 4 5 7 8 9 |  9.8
Dodging        | 3 4 5 |  5.6
Spellcasting   | 4 5 |  5.2
Stealth        | |  2.6
Transmutations | |  1.0

Action                     |  1- 3 |  4- 6 |  7- 9 || total
---------------------------+-------+-------+-------++-------
  Melee: Unarmed           |    14 |       |       ||    14
         Constrict         |    21 |    10 |    29 ||    60
         Tentacles         |    14 |     4 |    46 ||    64
         Short sword       |    61 |    38 |   151 ||   250
         Punch             |       |     1 |     2 ||     3
   Cast: Sting             |     7 |     6 |     9 ||    22
         Olgreb's Toxic Ra |       |    10 |    13 ||    23
  Evoke: Wand              |       |       |     3 ||     3
    Use: Scroll            |       |       |     4 ||     4
         Potion            |       |       |     2 ||     2
   Stab: Sleeping          |    18 |     4 |     4 ||    26
 Armour: Skin              |     6 |     2 |     6 ||    14
  Dodge: Dodged            |    46 |    24 |   108 ||   178

Table legend: (Time is in decaauts)
 A = Elapsed time spent in this place.
 B = Non-inter-level travel time spent in this place.
 C = Inter-level travel time spent in this place.
 D = Time resting spent in this place.
 E = Time spent auto-exploring this place.
 F = Levels seen in this place.
 G = Mean time per level.
                   A        B        C        D        E       F      G
               +--------+--------+--------+--------+--------+-----+--------+
         Total |   4616 |   4509 |    107 |      0 |   3530 |   7 |  659.4 |
       Dungeon |   4216 |   4109 |    107 |      0 |   3272 |   6 |  702.7 |
       Ossuary |    400 |    400 |      0 |      0 |    258 |   1 |  400.0 |
               +--------+--------+--------+--------+--------+-----+--------+

Top non-repeatable levels by time:
     D:4: 1073 daAuts
     D:3: 883 daAuts
     D:1: 811 daAuts
     D:5: 781 daAuts
     D:2: 578 daAuts
 Ossuary: 400 daAuts
     D:6: 86 daAuts
